 Dungeon Sprint DCSS version 0.18-a0-1797-gc18daef (webtiles) character file.

119 macross the Skirmisher (level 4, -8/48 HPs)
             Began as a Minotaur Berserker on Apr 22, 2016.
             Was a Priest of Trog.
             Mangled by an orc warrior
             ... wielding a +0 long sword
              (14 damage)
             ... in the Dungeon (Sprint IX: "|||||||||||||||||||||||||||||").
             The game lasted 00:01:51 (460 turns).

macross the Skirmisher (Minotaur Berserker)          Turns: 460, Time: 00:01:53

Health: -8/48      AC: 11    Str: 25    XL:     4   Next: 73%
Magic:  3/3        EV: 10    Int:  7    God:    Trog [***...]
Gold:   0          SH:  0    Dex: 10    Spells: 0 memorised, 3 levels left

rFire  . . .     SeeInvis .     r - +3 war axe (freeze)
rCold  . . .     Gourm    .     o - +1 chain mail
rNeg   . . .     Faith    .     (no shield)
rPois  .         Spirit   .     (helmet restricted)
rElec  .         Dismiss  .     (no cloak)
rCorr  .         Reflect  .     (no gloves)
SustAt .         Harm     .     p - +0 pair of boots
MR     .....     NoTele   +     (no amulet)
Stlth  ..........               n - +3 ring of strength
                                m - +3 ring of intelligence

@: not resistant to hostile enchantments, extremely unstealthy
A: retaliatory headbutt, horns 2
a: Berserk, Trog's Hand, Burn Spellbooks, Renounce Religion


You were in the Dungeon.
You worshipped Trog.
Trog was most pleased with you.
You were not hungry.

You visited 1 branch

Inventory:

Hand Weapons
 a - a +0 hand axe
 r - a +3 war axe of freezing (weapon)
Armour
 b - a +0 animal skin
 o - a +1 chain mail (worn)
 p - a +0 pair of boots (worn)
 q - a +0 helmet
Magical Staves
 t - an uncursed staff of energy
Jewellery
 m - a +3 ring of intelligence (left hand)
 n - a +3 ring of strength (right hand)
Wands
 l - a wand of acid (7/15)
Scrolls
 i - 2 scrolls of blinking
 k - 3 scrolls of remove curse
 s - 2 scrolls of amnesia
Potions
 d - 5 potions of curing
 e - 3 potions of heal wounds
 f - a potion of haste
 g - 4 potions of magic
 h - a potion of berserk rage
 j - a potion of invisibility


   Skills:
 + Level 7.7 Fighting
 + Level 7.5 Axes
 + Level 4.2 Armour
 + Level 4.8 Dodging
 + Level 0.8 Stealth


You had 3 spell levels left.
You didn't know any spells.

Dungeon Overview and Level Annotations

Branches:
Dungeon (1/1)

Altars:
Cheibriados
Dithmenos
Elyvilon
Fedhas
Gozag
Kikubaaqudgha
Makhleb
Nemelex Xobeh
Okawaru
Pakellas
Qazlal
Ru
Sif Muna
Trog
Vehumet
Xom
Yredelemnul
Zin
The Shining One
Beogh
Jiyva
Lugonu


Innate Abilities, Weirdness & Mutations

You reflexively headbutt those who attack you in melee.
You have a pair of horns on your head.


Message History

The orc warrior hits you with a long sword!
You barely miss the orc warrior.
The orc warrior is lightly wounded.
The orc warrior hits you with a long sword.
You closely miss the orc warrior. Your headbutt misses the orc warrior.
The orc warrior is lightly wounded.
A sky beast appears from thin air!
Reactivating autopickup.
The orc warrior hits you with a long sword!!
The orc wizard mumbles some strange words.
The orc wizard flickers and vanishes!
Deactivating autopickup; reactivate with Ctrl-A.
Eat which item? (? for menu, Esc to quit)
The orc warrior hits you with a long sword!
* * * LOW HITPOINT WARNING * * *
You continue eating.
The orc warrior closely misses you.
The phantom blinks!
You continue eating.
The orc warrior hits you with a long sword!
You die...

▓.▓
▓T▓
▓W▓
▓Y▓
▓{▓
▓Y▓
▓o▓
▓@▓
▓.▓
▓.▓
▓.▓
▓.▓
▓)▓
▓.▓
▓.▓
▓.▓


You could see a yak, a troll, a phantom, an orc warrior and a sky beast.

Vanquished Creatures
  A centaur (D)
  A hound (D)
  An adder skeleton (D)
  A giant gecko (D)
  An orc (D)
  A hobgoblin (D)
  A jackal (D)
  A kobold (D)
  A bat (D)
  A rat (D)
10 creatures vanquished.

Notes
Turn   | Place    | Note
--------------------------------------------------------------
     0 | D        | macross the Minotaur Berserker began the quest for the Orb.
     0 | D        | Reached XP level 1. HP: 19/19 MP: 0/0
    18 | D        | Reached ** piety under Trog
   335 | D        | Noticed a centaur
   335 | D        | Noticed a hound
   336 | D        | Killed a hound
   336 | D        | Reached *** piety under Trog
   336 | D        | Reached skill level 5 in Fighting
   336 | D        | Reached skill level 5 in Axes
   336 | D        | Reached XP level 2. HP: 29/29 MP: 1/1
   336 | D        | Reached XP level 3. HP: 36/36 MP: 2/2
   345 | D        | Killed a centaur
   345 | D        | Reached XP level 4. HP: 48/48 MP: 3/3
   352 | D        | Found a glowing silver altar of Zin.
   352 | D        | Found a glowing golden altar of the Shining One.
   352 | D        | Found an ancient bone altar of Kikubaaqudgha.
   352 | D        | Found a basalt altar of Yredelemnul.
   352 | D        | Found a shimmering altar of Xom.
   352 | D        | Found a radiant altar of Vehumet.
   353 | D        | Found an iron altar of Okawaru.
   354 | D        | Found a burning altar of Makhleb.
   355 | D        | Found a deep blue altar of Sif Muna.
   356 | D        | Found a bloodstained altar of Trog.
   357 | D        | Found a sparkling altar of Nemelex Xobeh.
   358 | D        | Found a white marble altar of Elyvilon.
   359 | D        | Found a roughly hewn altar of Beogh.
   360 | D        | Found a viscous altar of Jiyva.
   361 | D        | Found a corrupted altar of Lugonu.
   362 | D        | Found a blossoming altar of Fedhas.
   363 | D        | Found a snail-covered altar of Cheibriados.
   364 | D        | Found a shadowy altar of Dithmenos.
   365 | D        | Found a stormy altar of Qazlal.
   366 | D        | Found an opulent altar of Gozag.
   367 | D        | Found a sacrificial altar of Ru.
   368 | D        | Found an oddly glowing altar of Pakellas.
   454 | D        | Noticed a troll
   454 | D        | Noticed a phantom
   454 | D        | Noticed a yak
   454 | D        | Noticed a sky beast
   454 | D        | Noticed an orc warrior
   460 | D        | Mangled by an orc warrior

Vault maps used:
D:        linesprint

Skill      XL: |  1  2  3 |
---------------+----------+-----
Axes           | 5 7 |  7.5
Fighting       | 5 7 |  7.7
Armour         | 3 4 |  4.2
Dodging        | 3 4 |  4.8
Stealth        | |  0.8

Action                   |  1- 3 |  4- 6 || total
-------------------------+-------+-------++-------
Melee: Hand axe          |    23 |     1 ||    24
       Headbutt          |     2 |     1 ||     3
       War axe           |       |     3 ||     3
Invok: Berserk           |     2 |       ||     2
  Eat: Bread ration      |       |     1 ||     1
Armor: Animal skin       |     2 |       ||     2
Dodge: Dodged            |    16 |     1 ||    17
